 Dungeon Crawl Stone Soup version 0.19-a0-1468-ge013c26 (webtiles) character file.

207 LORDOFBUTT the Charmwright (level 5, 0/41 HPs)
             Began as a Merfolk Skald on Sept 7, 2016.
             Slain by an adder (3 damage)
             ... on level 2 of the Dungeon.
             The game lasted 00:03:13 (1264 turns).

LORDOFBUTT the Charmwright (Merfolk Skald)          Turns: 1264, Time: 00:03:14

Health: 0/41       AC:  3    Str: 12    XL:     5   Next: 85%
Magic:  16/18      EV: 12    Int: 11    God:
Gold:   55         SH:  0    Dex: 15    Spells: 3 memorised, 4 levels left

rFire  + . .     SeeInvis .     a - +0 spear
rCold  . . .     Gourm    .     b - +0 leather armour
rNeg   . . .     Faith    .     (no shield)
rPois  .         Spirit   .     (no helmet)
rElec  .         Dismiss  .     (no cloak)
rCorr  .         Reflect  .     (no gloves)
MR     .....     Harm     .     (no boots)
Stlth  +.........               (no amulet)
                                f - ring of protection from fire
                                k - ring of magical power

@: shrouded
A: change form in water, swift swim, stealthy swim
a: no special abilities


You were on level 2 of the Dungeon.
You were not hungry.

You visited 1 branch of the dungeon, and saw 2 of its levels.

You collected 55 gold pieces.

Inventory:

Hand Weapons
 a - a +0 spear (weapon)
Armour
 b - a +0 leather armour (worn)
Jewellery
 f - a ring of protection from fire (right hand)
 j - an uncursed amulet of regeneration {unknown}
 k - a ring of magical power (left hand)
Scrolls
 e - 2 scrolls of identify {unknown}
 g - a scroll of amnesia {unknown}
 m - a scroll of remove curse {unknown}
Potions
 h - a potion of flight {unknown}
 i - a potion of beneficial mutation {unknown}
 l - a potion of magic {unknown}
Books
 c - a book of Battle

   Spells                             Type                      Level
   a - Infusion                       Charms                       1
   b - Shroud of Golubria             Charms/Translocation         2
   c - Song of Slaying                Charms                       2
   d - Spectral Weapon                Hexes/Charms                 3
   e - Regeneration                   Charms/Necromancy            3
Comestibles
 d - 2 bread rations


   Skills:
 + Level 3.4 Fighting
 + Level 3.7 Polearms
 + Level 1.6 Armour
 + Level 2.5 Dodging
 + Level 0.8 Stealth
 + Level 2.7 Spellcasting
 + Level 4.4 Charms


You had 4 spell levels left.
You knew the following spells:

 Your Spells              Type           Power        Failure   Level  Hunger
a - Infusion              Chrm           ##..         8%          1    #......
b - Shroud of Golubria    Chrm/Tloc      #.........   24%         2    ###....
c - Song of Slaying       Chrm           ##......     10%         2    ###....


Dungeon Overview and Level Annotations

Branches:
Dungeon (2/15)

Altars:


Message History

The kobold throws a stone.
The stone hits you.
* * * LOW HITPOINT WARNING * * *
The adder barely misses you.
You see here a stone.
There is an open door here.
Okay, then.
Casting: Song of Slaying
Confirm with . or Enter, or press ? or * to list all spells.
Space distorts slightly along a thin shroud covering your body.
The adder bites you.
* * * LOW HITPOINT WARNING * * *
Your shroud bends the adder's attack away.
You hit the adder.
The adder is severely wounded.
Your shroud bends the adder's attack away.
A giant cockroach comes into view.
You hit the adder.
The adder is almost dead.
The adder bites you.
You die...

..#..# #)........#
..#..######†......(.
...........†......######
...........)............
.................s......
....######............#
.).....# #.#####.######
.......# #.# #.# .<.....#
#.# #@# ..[....# #.# #S#
.......# #.#####K#######
....#............(.K...####
##..........###...(.......#
####.#### #...........# .#
#(......(...# #
##..........# #.#####+####


You could see an adder, a giant cockroach and a kobold.

Vanquished Creatures
  Sigmund (D:2)
  2 adders (D:2)
  A giant gecko (D:1)
  2 ball pythons (D:1)
  2 bats (D:1)
  2 giant cockroaches (D:2)
  3 goblins (D:1)
  5 hobgoblins
  2 kobolds
  2 giant newts (D:1)
  5 rats
27 creatures vanquished.

Notes
Turn   | Place    | Note
-------+----------+-------------------------------------------
     0 | D:1      | LORDOFBUTT the Merfolk Skald began the quest for the Orb.
     0 | D:1      | Reached XP level 1. HP: 16/16 MP: 3/3
   284 | D:1      | Reached XP level 2. HP: 23/23 MP: 5/5
   769 | D:2      | Noticed Sigmund
   976 | D:1      | Learned a level 2 spell: Shroud of Golubria
   979 | D:1      | Learned a level 2 spell: Song of Slaying
   997 | D:2      | Killed Sigmund
   997 | D:2      | Reached skill level 1 in Armour
   997 | D:2      | Reached skill level 4 in Charms
   997 | D:2      | Reached XP level 3. HP: 13/29 MP: 7/7
   997 | D:2      | Reached XP level 4. HP: 16/35 MP: 8/8
   997 | D:2      | Reached XP level 5. HP: 19/41 MP: 8/9
  1264 | D:2      | Slain by an adder

Vault maps used:
D:1:      nagdon_arrival_double_spiral, minmay_pentomino_r4
D:2:      uniq_sigmund

Skill      XL: |  1  2 |
---------------+-------+-----
Fighting       | 3 |  3.4
Armour         | 1 |  1.6
Dodging        | 2 |  2.5
Charms         | 4 |  4.4
Polearms       | |  3.7
Stealth        | |  0.8
Spellcasting   | |  2.7

Action                   |  1- 3 |  4- 6 || total
-------------------------+-------+-------++-------
Melee: Spear             |    72 |    36 ||   108
 Cast: Shroud of Golubri |     1 |     1 ||     2
       Infusion          |     1 |       ||     1
       Song of Slaying   |       |     1 ||     1
  Eat: Bread ration      |     1 |       ||     1
Armor: Leather armour    |    13 |    10 ||    23
Dodge: Dodged            |    32 |    31 ||    63
